TOP OF THE 1ST |
San Diego Smashers batting - Pitching for Moose Jaw Ghostbusters : RHP Ernesto Mendoza
|
Pitching: RHP Ernesto Mendoza
|
|
Batting: LHB Michael Myers
|
0-0: Swinging Strike 0-1: Ball 1-1: Swinging Strike 1-2: Foul Ball, location: 2F 1-2: Ball 2-2: Strikes out swinging
|
Batting: LHB Richard Brooks
|
0-0: Fly out, F9 (Flyball, 9D)
|
Batting: LHB Arthur MacDonald
|
0-0: Ball 1-0: Ball 2-0: Ball 3-0: Called Strike 3-1: Base on Balls
|
Batting: RHB Jake Reeves
|
0-0: Ball 1-0: Called Strike 1-1: Swinging Strike 1-2: Ball 2-2: Ball 3-2: Foul Ball, location: 2F 3-2: Foul Ball, location: 2F 3-2: Foul Ball, location: 2F 3-2: Base on Balls Arthur MacDonald to second
|
Batting: LHB Ethan Shaw
|
0-0: Called Strike 0-1: Ball 1-1: Called Strike 1-2: Strikes out swinging
|
Top of the 1st over - 0 run(s), 0 hit(s), 0 error(s), 2 left on base; San Diego 0 - Moose Jaw 0 |
BOTTOM OF THE 1ST |
Moose Jaw Ghostbusters batting - Pitching for San Diego Smashers : RHP Craig Lewis
|
Pitching: RHP Craig Lewis
|
|
Batting: LHB David Adams
|
0-0: Called Strike 0-1: Ball 1-1: Called Strike 1-2: Ball 2-2: Strikes out swinging
|
Batting: LHB Jon Scott
|
0-0: Ball 1-0: Foul Ball, location: 2F 1-1: Foul Ball, location: 2F 1-2: Ball 2-2: Strikes out swinging
|
Batting: RHB Ron Elazar
|
0-0: Called Strike 0-1: Foul Ball, location: 2F 0-2: Foul Ball, location: 2F 0-2: Ball 1-2: Foul Ball, location: 2F 1-2: Strikes out looking
|
Bottom of the 1st over - 0 run(s), 0 hit(s), 0 error(s), 0 left on base; San Diego 0 - Moose Jaw 0 |
TOP OF THE 2ND |
San Diego Smashers batting - Pitching for Moose Jaw Ghostbusters : RHP Ernesto Mendoza
|
Batting: RHB Ray Rogers
|
0-0: Called Strike 0-1: Ground out 5-3 (Groundball, 5S)
|
Batting: LHB John White
|
0-0: Ball 1-0: Reached on error, E5 (Groundball, 56)
|
Batting: RHB Gustavo Torres
|
0-0: Foul Ball, location: 2F 0-1: Ball 1-1: Ball 2-1: Foul Ball, location: 2F 2-2: Fly out, F9 (Flyball, 9S)
|
Batting: RHB José Oliveira
|
0-0: Ball 1-0: Ball 2-0: Called Strike 2-1: Ball 3-1: Ground out 5-3 (Groundball, 5S)
|
Top of the 2nd over - 0 run(s), 0 hit(s), 1 error(s), 1 left on base; San Diego 0 - Moose Jaw 0 |
BOTTOM OF THE 2ND |
Moose Jaw Ghostbusters batting - Pitching for San Diego Smashers : RHP Craig Lewis
|
Batting: LHB Raúl Casillán
|
0-0: Ground out 4-3 (Groundball, 4)
|
Batting: LHB Will Vale
|
0-0: Called Strike 0-1: Called Strike 0-2: Ball 1-2: Foul Ball, location: 2F 1-2: Foul Ball, location: 2F 1-2: Ball 2-2: Strikes out swinging
|
Batting: SHB Rafael Acosta
|
0-0: Foul Ball, location: 2F 0-1: Foul Ball, location: 2F 0-2: Foul Ball, location: 2F 0-2: SINGLE (Line Drive, 6MD)
|
Batting: RHB Aaron Murray
|
0-0: Ball 1-0: Ball 2-0: Called Strike 2-1: Called Strike 2-2: Strikes out swinging
|
Bottom of the 2nd over - 0 run(s), 1 hit(s), 0 error(s), 1 left on base; San Diego 0 - Moose Jaw 0 |
TOP OF THE 3RD |
San Diego Smashers batting - Pitching for Moose Jaw Ghostbusters : RHP Ernesto Mendoza
|
Batting: LHB Michael Myers
|
0-0: Ball 1-0: Called Strike 1-1: Ball 2-1: Ball 3-1: Base on Balls
|
Batting: LHB Richard Brooks
|
0-0: Ball 1-0: Called Strike 1-1: SINGLE (Groundball, 4D) Michael Myers to second Runner from 2nd tries for 3rd, SAFE, no throw
|
Batting: LHB Arthur MacDonald
|
0-0: Ball 1-0: Ball 2-0: Foul Ball, location: 2F 2-1: Foul Ball, location: 2F 2-2: Reached on error, E3 (Groundball, 3) Michael Myers scores Richard Brooks to second
|
Batting: RHB Jake Reeves
|
0-0: Called Strike 0-1: Ball 1-1: Foul Ball, location: 2F 1-2: DOUBLE (Line Drive, 7LD) Richard Brooks scores Arthur MacDonald to third
|
Batting: LHB Ethan Shaw
|
0-0: Ball 1-0: Ground out 5-3 (Groundball, 56) Arthur MacDonald scores
|
Batting: RHB Ray Rogers
|
0-0: Called Strike 0-1: Swinging Strike 0-2: Ball 1-2: Fly out, F9 (Line Drive, 9)
|
Batting: LHB John White
|
0-0: Ground out 1-3 (Groundball, P)
|
Top of the 3rd over - 3 run(s), 2 hit(s), 1 error(s), 1 left on base; San Diego 3 - Moose Jaw 0 |
BOTTOM OF THE 3RD |
Moose Jaw Ghostbusters batting - Pitching for San Diego Smashers : RHP Craig Lewis
|
Batting: RHB Henry Barker
|
0-0: Ball 1-0: Ball 2-0: Ball 3-0: Base on Balls
|
Batting: LHB Francisco Cardenas
|
0-0: Called Strike 0-1: Swinging Strike 0-2: Ball 1-2: Strikes out swinging
|
Batting: LHB David Adams
|
0-0: Foul Ball, location: 2F 0-1: Foul Ball, location: 2F 0-2: Ball 1-2: Ball 2-2: SINGLE (Line Drive, 7LM) Henry Barker to second
|
Batting: LHB Jon Scott
|
0-0: Called Strike 0-1: Swinging Strike 0-2: Ball 1-2: Foul Ball, location: 2F 1-2: Foul Ball, location: 2F 1-2: Ball 2-2: Strikes out swinging
|
Batting: RHB Ron Elazar
|
0-0: Ball 1-0: Ball 2-0: Ball 3-0: Called Strike 3-1: Foul Ball, location: 2F 3-2: Strikes out swinging
|
Bottom of the 3rd over - 0 run(s), 1 hit(s), 0 error(s), 2 left on base; San Diego 3 - Moose Jaw 0 |
TOP OF THE 4TH |
San Diego Smashers batting - Pitching for Moose Jaw Ghostbusters : RHP Ernesto Mendoza
|
Batting: RHB Gustavo Torres
|
0-0: Ball 1-0: Swinging Strike 1-1: Foul Ball, location: 2F 1-2: Strikes out looking
|
Batting: RHB José Oliveira
|
0-0: Ball 1-0: Called Strike 1-1: Called Strike 1-2: Ball 2-2: Ball 3-2: Strikes out swinging
|
Batting: LHB Michael Myers
|
0-0: Called Strike 0-1: Ball 1-1: Called Strike 1-2: Ball 2-2: Foul Ball, location: 2F 2-2: DOUBLE (Groundball, 3L)
|
Batting: LHB Richard Brooks
|
0-0: Called Strike 0-1: Foul Ball, location: 2F 0-2: Ball 1-2: SINGLE (Line Drive, 56D) Michael Myers to third
|
Batting: LHB Arthur MacDonald
|
0-0: Foul Ball, location: 2F 0-1: Foul Ball, location: 2F 0-2: Ball 1-2: Foul Ball, location: 2F 1-2: Ball 2-2: Strikes out swinging
|
Top of the 4th over - 0 run(s), 2 hit(s), 0 error(s), 2 left on base; San Diego 3 - Moose Jaw 0 |
BOTTOM OF THE 4TH |
Moose Jaw Ghostbusters batting - Pitching for San Diego Smashers : RHP Craig Lewis
|
Batting: LHB Raúl Casillán
|
0-0: Called Strike 0-1: Foul Ball, location: 2F 0-2: Ball 1-2: Ground out U3 (Groundball, 34)
|
Batting: LHB Will Vale
|
0-0: Foul Ball, location: 2F 0-1: Ball 1-1: Called Strike 1-2: Strikes out looking
|
Batting: SHB Rafael Acosta
|
0-0: Ground out 5-3 (Groundball, 56)
|
Bottom of the 4th over - 0 run(s), 0 hit(s), 0 error(s), 0 left on base; San Diego 3 - Moose Jaw 0 |
TOP OF THE 5TH |
San Diego Smashers batting - Pitching for Moose Jaw Ghostbusters : RHP Ernesto Mendoza
|
Batting: RHB Jake Reeves
|
0-0: Ball 1-0: Ball 2-0: Called Strike 2-1: SINGLE (Groundball, 56D)
|
Batting: LHB Ethan Shaw
|
0-0: Called Strike 0-1: Foul Ball, location: 2F 0-2: Strikes out swinging
|
Batting: RHB Ray Rogers
|
0-0: Ball 1-0: Called Strike 1-1: Fly out, F7 (Line Drive, 7)
|
Batting: LHB John White
|
0-0: Called Strike 0-1: Ball 1-1: Fly out, F5 (Line Drive, 56)
|
Top of the 5th over - 0 run(s), 1 hit(s), 0 error(s), 1 left on base; San Diego 3 - Moose Jaw 0 |
BOTTOM OF THE 5TH |
Moose Jaw Ghostbusters batting - Pitching for San Diego Smashers : RHP Craig Lewis
|
Batting: RHB Aaron Murray
|
0-0: Ball 1-0: Called Strike 1-1: Ball 2-1: Ball 3-1: Foul Ball, location: 2F 3-2: Foul Ball, location: 2F 3-2: Base on Balls
|
Pitching: RHP Martin Miller
|
|
Batting: RHB Henry Barker
|
0-0: Swinging Strike 0-1: Foul Ball, location: 2F 0-2: Fly out, F4 (Popup, 34D)
|
Batting: LHB Francisco Cardenas
|
0-0: Swinging Strike 0-1: Foul Ball, location: 2F 0-2: Ball 1-2: Foul Ball, location: 2F 1-2: Strikes out swinging
|
Batting: LHB David Adams
|
0-0: Ball 1-0: Foul Ball, location: 2F 1-1: Ball 2-1: Ball 3-1: Base on Balls Aaron Murray to second
|
Batting: LHB Jon Scott
|
0-0: Called Strike 0-1: Ball 1-1: Ground out 4-3 (Groundball, 34D)
|
Bottom of the 5th over - 0 run(s), 0 hit(s), 0 error(s), 2 left on base; San Diego 3 - Moose Jaw 0 |
TOP OF THE 6TH |
San Diego Smashers batting - Pitching for Moose Jaw Ghostbusters : RHP Ernesto Mendoza
|
Batting: RHB Gustavo Torres
|
0-0: SINGLE (Flyball, 7S)
|
Batting: RHB José Oliveira
|
0-0: Ball Gustavo Torres steals 2nd base 1-0: Ball 2-0: Ground out 5-3 (Groundball, 56S) Gustavo Torres to third
|
Batting: LHB Michael Myers
|
0-0: Ball 1-0: Called Strike 1-1: Swinging Strike 1-2: Ball 2-2: SINGLE (Groundball, 56D) Gustavo Torres scores
|
Batting: LHB Richard Brooks
|
0-0: Called Strike 0-1: Ball Michael Myers is caught stealing 2nd base 1-1: Ball 2-1: Foul Ball, location: 2F 2-2: Ball 3-2: Foul Ball, location: 2F 3-2: Base on Balls
|
Batting: LHB Arthur MacDonald
|
0-0: Ball 1-0: SINGLE (Groundball, 2L) (infield hit) Richard Brooks to second
|
Batting: RHB Jake Reeves
|
0-0: Called Strike 0-1: Called Strike 0-2: Fly out, F6 (Line Drive, 6)
|
Top of the 6th over - 1 run(s), 3 hit(s), 0 error(s), 2 left on base; San Diego 4 - Moose Jaw 0 |
BOTTOM OF THE 6TH |
Moose Jaw Ghostbusters batting - Pitching for San Diego Smashers : RHP Martin Miller
|
Batting: RHB Ron Elazar
|
0-0: Ball 1-0: SINGLE (Groundball, 56D)
|
Batting: LHB Raúl Casillán
|
0-0: Ball 1-0: DOUBLE (Line Drive, 9LM) Ron Elazar to third
|
Batting: LHB Will Vale
|
0-0: Called Strike 0-1: Foul Ball, location: 2F 0-2: Reached on error, E6 (Groundball, 6) Ron Elazar scores Raúl Casillán to third
|
Pitching: LHP Jorge Mora
|
|
Batting: SHB Rafael Acosta
|
0-0: Called Strike 0-1: Ball Passed Ball! Raúl Casillán scores Will Vale to second 1-1: Foul Ball, location: 2F 1-2: Ball 2-2: Ground out 4-3 (Groundball, 4M) Will Vale to third
|
Batting: RHB Aaron Murray
|
0-0: Ball 1-0: SINGLE (Flyball, 9S) Will Vale scores
|
Batting: RHB Henry Barker
|
0-0: Ball 1-0: SINGLE (Groundball, 4MD) Aaron Murray to second
|
Batting: LHB Francisco Cardenas
|
0-0: SINGLE (Flyball, 7LS) Aaron Murray to third Henry Barker to second
|
Batting: LHB David Adams
|
0-0: Ball 1-0: Foul Ball, location: 2F 1-1: SINGLE (Line Drive, 89S) Aaron Murray scores Henry Barker to third Francisco Cardenas to second Runner from 3rd tries for Home, SAFE, throw made home Francisco Cardenas to third David Adams to second
|
Pitching: LHP Alejandro Flores
|
|
Batting: LHB Jon Scott
|
0-0: Ball 1-0: Called Strike 1-1: Ball 2-1: Foul Ball, location: 2F 2-2: Ground out 4-3 (Groundball, 34)
|
Batting: RHB Ron Elazar
|
0-0: Swinging Strike 0-1: Foul Ball, location: 2F 0-2: Ball 1-2: Ball 2-2: Ball 3-2: Strikes out swinging
|
Bottom of the 6th over - 5 run(s), 6 hit(s), 1 error(s), 2 left on base; San Diego 4 - Moose Jaw 5 |
TOP OF THE 7TH |
San Diego Smashers batting - Pitching for Moose Jaw Ghostbusters : RHP Ernesto Mendoza
|
Batting: LHB Ethan Shaw
|
0-0: Ball 1-0: SOLO HOME RUN (Flyball, 78XD), Distance : 424 ft
|
Pinch Hitting: RHB John Nelson
|
0-0: DOUBLE (Line Drive, 7LM)
|
Batting: LHB John White
|
0-0: Intentional Walk
|
Pinch Hitting: RHB Fred Ameris
|
0-0: Foul Ball, location: 2F 0-1: Ball 1-1: Grounds into double play, 6-4-3 (Groundball, 6) John Nelson to third
|
Pitching: RHP Pancho Hernández
|
|
Batting: RHB José Oliveira
|
0-0: Ball 1-0: Foul Ball, location: 2F 1-1: Foul Ball, location: 2F 1-2: Ball 2-2: Strikes out swinging
|
Top of the 7th over - 1 run(s), 2 hit(s), 0 error(s), 1 left on base; San Diego 5 - Moose Jaw 5 |
BOTTOM OF THE 7TH |
Moose Jaw Ghostbusters batting - Pitching for San Diego Smashers : LHP Alejandro Flores
|
Now at 3B: John Nelson
|
|
Now in CF: Manny Torrez
|
|
Pinch Hitting: RHB Billy Mullins
|
0-0: Foul Ball, location: 2F 0-1: Fly out, F7 (Line Drive, 78M)
|
Batting: LHB Will Vale
|
0-0: SINGLE (Line Drive, 7S)
|
Batting: SHB Rafael Acosta
|
0-0: Called Strike 0-1: Ball 1-1: Ball 2-1: Ball 3-1: Fly out, F7 (Flyball, 7S)
|
Batting: RHB Aaron Murray
|
0-0: Ball 1-0: Ball 2-0: Called Strike 2-1: Ball 3-1: Foul Ball, location: 2F 3-2: SINGLE (Flyball, 78S) Will Vale to second Will Vale to third
|
Batting: RHB Henry Barker
|
0-0: Foul Ball, location: 2F 0-1: Called Strike 0-2: Foul Ball, location: 2F 0-2: Strikes out swinging
|
Bottom of the 7th over - 0 run(s), 2 hit(s), 0 error(s), 2 left on base; San Diego 5 - Moose Jaw 5 |
TOP OF THE 8TH |
San Diego Smashers batting - Pitching for Moose Jaw Ghostbusters : RHP Pancho Hernández
|
Now at 2B: Billy Mullins
|
|
Batting: LHB Michael Myers
|
0-0: Ball 1-0: Ball 2-0: Called Strike 2-1: Ball 3-1: Called Strike 3-2: Strikes out swinging
|
Batting: LHB Richard Brooks
|
0-0: Ball 1-0: Ball 2-0: Called Strike 2-1: Called Strike 2-2: Foul Ball, location: 2F 2-2: Ball 3-2: Base on Balls
|
Batting: LHB Arthur MacDonald
|
0-0: Ball 1-0: Ball 2-0: Foul Ball, location: 2F 2-1: Fielders Choice at 2nd, 4-6 (Groundball, 4)
|
Batting: RHB Jake Reeves
|
0-0: Ball 1-0: Ball 2-0: Ball 3-0: Called Strike 3-1: Swinging Strike 3-2: Foul Ball, location: 2F 3-2: Strikes out swinging
|
Top of the 8th over - 0 run(s), 0 hit(s), 0 error(s), 1 left on base; San Diego 5 - Moose Jaw 5 |
BOTTOM OF THE 8TH |
Moose Jaw Ghostbusters batting - Pitching for San Diego Smashers : LHP Alejandro Flores
|
Pitching: RHP Rick Hernández
|
|
Batting: LHB Francisco Cardenas
|
0-0: Called Strike 0-1: Ball 1-1: Called Strike 1-2: Ball 2-2: Ball 3-2: Base on Balls
|
Pitching: LHP Mike Stevens
|
|
Batting: LHB David Adams
|
0-0: Ball 1-0: Swinging Strike Balk! Francisco Cardenas to second 1-1: Intentional Walk
|
Pitching: RHP Norberto Deleón
|
|
Batting: LHB Jon Scott
|
0-0: Sac Bunt - play at first, batter safe! Francisco Cardenas to third David Adams to second
|
Batting: RHB Ron Elazar
|
0-0: Ball 1-0: Ball 2-0: Fly out, F8 (Flyball, 8LM) Runner from 3rd tags up, SCORES, throw made
|
Batting: RHB Billy Mullins
|
0-0: Ball 1-0: Swinging Strike 1-1: Called Strike 1-2: Ball 2-2: Foul Ball, location: 2F 2-2: Foul Ball, location: 2F 2-2: Foul Ball, location: 2F 2-2: Strikes out swinging
|
Batting: LHB Will Vale
|
0-0: Called Strike 0-1: Fielders Choice at 2nd, 5-4 (Groundball, 5)
|
Bottom of the 8th over - 1 run(s), 1 hit(s), 0 error(s), 1 left on base; San Diego 5 - Moose Jaw 6 |
TOP OF THE 9TH |
San Diego Smashers batting - Pitching for Moose Jaw Ghostbusters : RHP Pancho Hernández
|
Pitching: LHP Javier Galeas
|
|
Batting: LHB Ethan Shaw
|
0-0: Ball 1-0: Ball 2-0: Fly out, F7 (Flyball, 7LSF)
|
Batting: RHB John Nelson
|
0-0: Called Strike 0-1: SINGLE (Line Drive, 6D)
|
Batting: LHB John White
|
0-0: Ball 1-0: Called Strike 1-1: Ball 2-1: Fly out, F5 (Flyball, 56D)
|
Batting: RHB Manny Torrez
|
0-0: Called Strike 0-1: Foul Ball, location: 2F 0-2: Ball 1-2: Fielders Choice at 2nd, 5-4 (Groundball, 56)
|
Top of the 9th over - 0 run(s), 1 hit(s), 0 error(s), 0 left on base; San Diego 5 - Moose Jaw 6 |
|